 Dungeon Crawl Stone Soup version 0.16.1-51-g6203257 (webtiles) character file.

8479 kae the Bludgeoner (level 11, -2/80 (82) HPs)
             Began as a Minotaur Fighter on July 3, 2015.
             Was a High Priest of Okawaru.
             Slain by a killer bee (8 damage)
             ... on level 2 of the Lair of Beasts.
             The game lasted 00:11:06 (10175 turns).

kae the Bludgeoner (Minotaur Fighter)              Turns: 10175, Time: 00:11:07

HP:   -2/80 (82)    AC:  9    Str: 26    XL:     11   Next: 10%
MP:   4/4           EV: 10    Int:  7    God:    Okawaru [*****.]
Gold: 426           SH:  0    Dex: 11    Spells: 0 memorised, 10 levels left

rFire  . . .     SeeInvis .     h - +1 dire flail
rCold  . . .     Clarity  .     b - +0 scale mail
rNeg   + . .     SustAb   .     (no shield)
rPois  +         Gourm    .     (helmet restricted)
rElec  .         Spirit   .     w - +1 cloak (curse)
rCorr  .         Warding  .     (no gloves)
rMut   .         Stasis   .     (no boots)
MR     .....                    (no amulet)
Stlth  ..........               B - ring of positive energy
                                y - ring of poison resistance

@: mighty, lethally poisoned (-2 -> -9), about to teleport, not resistant to
hostile enchantments, extremely unstealthy
A: retaliatory headbutt, horns 2
a: Heroism, Finesse, Renounce Religion


You were on level 2 of the Lair of Beasts.
You worshipped Okawaru.
Okawaru was extremely pleased with you.
You were not hungry.

You visited 2 branches of the dungeon, and saw 10 of its levels.

You collected 426 gold pieces.

Inventory:

Hand weapons
 a - a +0 flail
 h - a +1 dire flail (weapon)
 C - a +0 flail of crushing
Missiles
 F - 8 poisoned javelins (quivered)
 K - 2 steel tomahawks
Armour
 b - a +0 scale mail (worn)
 c - a +0 shield
 w - a cursed +1 cloak (worn)
Magical staves
 J - an uncursed staff of death {unknown}
Rods
 l - a +0 rod of clouds (13/13)
   (You found it on level 7 of the Dungeon)
Jewellery
 y - a ring of poison resistance (left hand)
 B - a ring of positive energy (right hand)
Magical devices
 x - a wand of confusion (17)
Scrolls
 i - 5 scrolls of teleportation
 m - 4 scrolls of magic mapping
 n - 13 scrolls of identify
 o - a scroll of noise {unknown}
 p - 7 scrolls of remove curse
 r - a scroll of silence {unknown}
 D - a scroll of amnesia
 E - a scroll of recharging
Potions
 f - 4 potions of curing
 s - a potion of brilliance {unknown}
 t - a potion of mutation {unknown}
 v - a potion of cancellation {unknown}
 z - a potion of cure mutation {unknown}
 A - 3 potions of haste {unknown}
 G - a potion of invisibility {unknown}
 H - a potion of restore abilities {unknown}
 L - a potion of degeneration {unknown}
Comestibles
 d - 12 bread rations
 g - 4 beef jerkies
 j - 3 slices of pizza
 q - 8 fruits
 u - a royal jelly
 I - a meat ration
 M - 3 chunks of flesh


   Skills:
 - Level 3.6 Fighting
 + Level 18.8 Maces & Flails
 - Level 3.6 Armour
 - Level 3.6 Shields


You had 10 spell levels left.
You didn't know any spells.

Dungeon Overview and Level Annotations

Branches:
Dungeon (8/15)             Temple (0/1) D:5            Lair (2/8) D:8

Altars:
Cheibriados
Dithmenos
Makhleb
Nemelex Xobeh
Okawaru
Ru
Sif Muna
Vehumet
Zin

Shops:
D:5 *


Innate Abilities, Weirdness & Mutations

You reflexively headbutt those who attack you in melee.
You have a pair of horns on your head.


Message History

Okay, then.
Read which item? (? for menu, Esc to quit)
As you read the scroll of teleportation, it crumbles to dust.
You feel strangely unstable. The killer bee stings you!
* * * LOW HITPOINT WARNING * * *
You are poisoned.
The killer bee poisons you! The killer bee stings you.
* * * LOW HITPOINT WARNING * * *
You are more poisoned.
The killer bee poisons you! The killer bee barely misses you.
The killer bee closely misses you. The queen bee stings you.
* * * LOW HITPOINT WARNING * * *
Unknown command.
* * * LOW HITPOINT WARNING * * *
You feel sick.
The killer bee stings you but does no damage. x2
The killer bee stings you.
* * * LOW HITPOINT WARNING * * *
The killer bee stings you!
You die...

#.... ##....... ##
##....... .
.##.##.#.....#...
.....#........#....
....................
...>........y........
............yyy†......#
#...........@yy†.#
##P..........####.#
.....P#†..##.# %.
.....##...#### %#
...........##.# #
.....#.<†....#
#.............#
.............#
...............


You could see a queen bee and 5 killer bees.

Vanquished Creatures
  The ghost of Scuka the Basher, an experienced GrFi of the Shining One (D:8)
  An elephant (D:8)
  A black mamba (Lair:1)
  A spiny frog (Lair:1)
  A komodo dragon (Lair:1)
  A two-headed ogre (D:8)
  6 yaks
  A basilisk (Lair:1)
  A spriggan (D:7)
  2 hippogriffs (D:8)
  Edmund (D:4)
  Menkaure (D:5)
  A water moccasin (D:7)
  3 porcupines
  4 orc warriors
  An ice beast (D:6)
  2 black bears
  A necrophage (D:8)
  A sky beast (D:5)
  3 ogres
  4 centaurs
  A crocodile (Lair:2)
  4 giant frogs
  A scorpion (D:7)
  A jelly (D:8)
  19 killer bees
  8 wights (D:8)
  4 crimson imps
  3 goliath beetles
  A hound (D:5)
  7 orc priests
  Crazy Yiuf (D:4)
  8 orc wizards
  A centaur skeleton (D:8)
  2 worker ants (D:4)
  4 iguanas
  2 sheep (D:8)
  A hound skeleton (D:6)
  A mummy (D:8)
  A worker ant zombie (D:6)
  11 adders
  17 river rats (Lair:1)
  A giant mite (D:7)
  A shadow imp (D:8)
  3 worms
  An adder zombie (D:5)
  5 giant geckos
  33 orcs
  A bat skeleton (D:8)
  A bat zombie (D:7)
  5 giant cockroaches
  9 hobgoblins
  2 jackals (D:4)
  9 quokkas
  2 ball pythons (D:1)
  11 bats
  2 giant newts
  13 goblins
  11 kobolds
  13 rats
  3 ballistomycetes (D:8)
262 creatures vanquished.

Vanquished Creatures (others)
  A giant spore (D:8)
1 creature vanquished.

Grand Total: 263 creatures vanquished

Notes
Turn   | Place    | Note
--------------------------------------------------------------
     0 | D:1      | kae, the Minotaur Fighter, began the quest for the Orb.
     0 | D:1      | Reached XP level 1. HP: 19/19 MP: 1/1
   120 | D:1      | Reached XP level 2. HP: 26/26 MP: 1/1
   620 | D:2      | Reached skill level 4 in Maces & Flails
   830 | D:2      | Reached XP level 3. HP: 31/31 MP: 2/2
  1553 | D:3      | Reached skill level 5 in Maces & Flails
  2238 | D:4      | Found a burning altar of Makhleb.
  2325 | D:4      | Reached XP level 4. HP: 39/39 MP: 2/2
  2553 | D:4      | Found an iron altar of Okawaru.
  2581 | D:4      | Became a worshipper of Warmaster Okawaru
  2612 | D:4      | Found a deep blue altar of Sif Muna.
  2624 | D:4      | Reached skill level 6 in Maces & Flails
  2922 | D:4      | Reached XP level 5. HP: 13/45 MP: 2/2
  3009 | D:4      | Reached skill level 7 in Maces & Flails
  3495 | D:4      | Reached XP level 6. HP: 51/51 MP: 3/3
  3673 | D:4      | Noticed Edmund
  3684 | D:4      | Killed Edmund
  3684 | D:4      | Acquired Okawaru's first power
  3684 | D:4      | Reached skill level 8 in Maces & Flails
  3830 | D:4      | Noticed Crazy Yiuf
  3841 | D:4      | Killed Crazy Yiuf
  3931 | D:4      | Found a snail-covered altar of Cheibriados.
  4173 | D:5      | Entered Level 5 of the Dungeon
  4198 | D:5      | Found Zin's Purification Station.
  4203 | D:5      | Noticed Menkaure
  4353 | D:5      | Killed Menkaure
  4353 | D:5      | Reached skill level 9 in Maces & Flails
  4353 | D:5      | Reached XP level 7. HP: 36/57 MP: 3/3
  4354 | D:5      | Found a glowing silver altar of Zin.
  4653 | D:5      | Reached skill level 10 in Maces & Flails
  4918 | D:5      | Found a sacrificial altar of Ru.
  5066 | D:5      | Found a staircase to the Ecumenical Temple.
  5291 | D:6      | Reached skill level 11 in Maces & Flails
  5460 | D:6      | Reached XP level 8. HP: 64/64 MP: 3/3
  5785 | D:6      | Reached skill level 12 in Maces & Flails
  6081 | D:6      | Found a radiant altar of Vehumet.
  6117 | D:6      | Reached skill level 13 in Maces & Flails
  6381 | D:7      | Reached XP level 9. HP: 49/70 MP: 1/4
  6609 | D:7      | Reached skill level 14 in Maces & Flails
  7103 | D:8      | Reached skill level 15 in Maces & Flails
  7254 | D:8      | Found a sparkling altar of Nemelex Xobeh.
  7361 | D:8      | Found a shadowy altar of Dithmenos.
  7391 | D:8      | Noticed Scuka's ghost (experienced GrFi)
  7410 | D:8      | Killed Scuka's ghost
  7410 | D:8      | Reached skill level 16 in Maces & Flails
  7868 | D:8      | Reached XP level 10. HP: 77/77 MP: 4/4
  8403 | D:8      | Found a staircase to the Lair.
  8403 | D:8      | Noticed an elephant
  8418 | D:8      | Killed an elephant
  8441 | D:8      | Acquired Okawaru's second power
  8572 | D:8      | Reached skill level 17 in Maces & Flails
  8751 | Lair:1   | Entered Level 1 of the Lair of Beasts
  9316 | Lair:1   | Received a gift from Okawaru
  9357 | Lair:1   | Reached skill level 18 in Maces & Flails
  9468 | Lair:1   | Noticed a black mamba
  9472 | Lair:1   | Killed a black mamba
  9498 | Lair:1   | Received a gift from Okawaru
 10035 | Lair:2   | Reached XP level 11. HP: 78/80 MP: 4/4
 10152 | Lair:2   | Received a gift from Okawaru
 10172 | Lair:2   | HP: 1/80 [killer bee (8)]
 10175 | Lair:2   | Slain by a killer bee

Action                   |  1- 3 |  4- 6 |  7- 9 | 10-12 || total
-------------------------+-------+-------+-------+-------++-------
Melee: Flail             |    97 |    83 |   385 |    37 ||   602
       Dire flail        |       |       |       |   251 ||   251
Invok: Heroism           |       |       |     5 |     4 ||     9
  Use: Potion            |       |     4 |     1 |     3 ||     8
       Scroll            |       |       |    11 |     1 ||    12
  Eat: Chunk             |     4 |     6 |    13 |     7 ||    30
